 Dungeon Crawl Stone Soup version 0.18.1-48-g4cf74bf (webtiles) character file.

2793 Heedrag the Destroyer (level 9, -11/51 HPs)
             Began as a Deep Elf Conjurer on Aug 30, 2016.
             Was an Initiate of Vehumet.
             Mangled by a cyan ugly thing (17 damage)
             ... on level 5 of the Dungeon.
             The game lasted 00:20:12 (7893 turns).

Heedrag the Destroyer (Deep Elf Conjurer)           Turns: 7893, Time: 00:20:13

Health: -11/51     AC:  8    Str: 10    XL:     9   Next: 43%
Magic:  14/23      EV: 14    Int: 21    God:    Vehumet [......]
Gold:   302        SH:  0    Dex: 15    Spells: 3 memorised, 14 levels left

rFire  . . .     SeeInvis .     r - +1 mace (protect)
rCold  . . .     Gourm    .     a - +0 robe
rNeg   . . .     Faith    .     (no shield)
rPois  .         Spirit   .     q - +0 helmet
rElec  .         Dismiss  +     (no cloak)
rCorr  .         Reflect  .     (no gloves)
SustAt .         Harm     .     (no boots)
MR     .....                    x - amulet of dismissal
Stlth  +++.......               (no ring)
                                H - ring of stealth

@: not resistant to hostile enchantments, fairly stealthy
A: strong 1
a: Renounce Religion


You were on level 5 of the Dungeon.
You worshipped Vehumet.
Vehumet was noncommittal.
You were hungry.

You visited 2 branches of the dungeon, and saw 8 of its levels.

You collected 302 gold pieces.

Inventory:

Hand Weapons
 d - a +1 whip of venom
 r - a +1 mace of protection (weapon)
 s - a +2 falchion of draining
Armour
 a - a +0 robe (worn)
 e - a +0 buckler
 q - a +0 helmet (worn)
Jewellery
 x - an amulet of dismissal (around neck)
 H - a ring of stealth (left hand)
Wands
 u - a wand of flame (23/48)
 A - a wand of lightning (5/15)
 G - a wand of iceblast (6/15)
Scrolls
 f - a scroll of magic mapping {unknown}
 g - 5 scrolls of noise {unknown}
 i - 2 scrolls of enchant armour {unknown}
 l - 2 scrolls of teleportation {unknown}
 n - 3 scrolls of enchant weapon {unknown}
 o - 7 scrolls of identify {unknown}
 p - 3 scrolls of fear {unknown}
 t - 3 scrolls of remove curse {unknown}
 w - a scroll of fog {unknown}
 y - a scroll of recharging {unknown}
Potions
 h - 2 potions of lignification {unknown}
 k - 2 potions of flight {unknown}
 v - 2 potions of beneficial mutation {unknown}
 z - a potion of brilliance {unknown}
 B - 2 potions of haste {unknown}
 C - a potion of agility {unknown}
 D - a potion of berserk rage {unknown}
 E - a potion of heal wounds {unknown}
 F - 2 potions of curing {unknown}
Books
 b - a book of Conjurations

   Spells                             Type                      Level
   a - Magic Dart                     Conjuration                  1
   b - Searing Ray                    Conjuration                  2
   c - Dazzling Spray                 Conjuration/Hexes            3
   d - Fulminant Prism                Conjuration/Hexes            4
   e - Iskenderun's Mystic Blast      Conjuration                  4
   f - Iskenderun's Battlesphere      Conjuration/Charms           5
Comestibles
 c - 6 bread rations
 j - a meat ration
 m - 5 fruits
 I - 2 chunks of flesh


   Skills:
 * Level 3.2 Fighting
 + Level 4.1 Dodging
 - Level 2.4 Stealth
 + Level 8.4 Spellcasting
 * Level 10.5 Conjurations
 + Level 7.8 Charms


You had 14 spell levels left.
You knew the following spells:

 Your Spells              Type           Power        Failure   Level  Hunger
a - Magic Dart            Conj           ####         1%          1    None
b - Iskenderun's Mystic   Conj           ######..     1%          4    ###....
c - Iskenderun's Battles  Conj/Chrm      #####...     6%          5    #####..


Dungeon Overview and Level Annotations

Branches:
Dungeon (7/15)             Temple (1/1) D:6

Altars:
Ashenzari
Cheibriados
Elyvilon
Fedhas
Kikubaaqudgha
Makhleb
Pakellas
Qazlal
Ru
Trog
Vehumet
Xom
Yredelemnul
Zin
The Shining One

Shops:
D:6 [

Annotations:
D:6 MarcHammon's ghost, novice MiFi
D:7 sdOOK's ghost, novice DDFi


Innate Abilities, Weirdness & Mutations

Your muscles are strong. (Str +2)


Message History

Ye climb upwards.
Thar be a stone staircase leadin' down 'ere.
Castin': Magic Dart Confirm wit' . or Enter, or press ? or * ta list all spells.
Ye conjure a globe o' magical energy.
Ye be feelin' hungry.
Tha cyan ugly thin' pecks ye but does nay damage.
Castin': Iskenderun's Battlesphere Confirm wit' . or Enter, or press ? or * ta list all spells.
Aimin': Iskenderun's Mestic Blast
Press: ? - help, Shift-Dir - straight line, f - cyan ugly thin'
Aim: a cyan ugly thin' Tha orb o' energy hits tha cyan ugly thin'.
Tha cyan ugly thin' be lightly wounded.
Tha orb o' energy 'splodes!
Ye hear a shout!
Tha cyan ugly thin' pecks ye!
* * * LOW HITPOINT WARNIN'
* * * Tha cyan ugly thin' shocks ye!
Ye die...

### #.# #.#.# #.# # ..# #.# #.#.#
#(# # #.# #.# #.#.# #.## # #.#
#.# #.#.# #..###### # #.#
#.#########'#.###.......####
#.####.##.......[........###.....
#......##................#.#..###
.....[..........u...P......#..#
####[####.......@*P...#....#..# #
#.# #............##.._.#.##
####.# #..........PP.#....#.#
.....# ###########........#.#
.....# #PP....#.#.# .....#
##...PP###.# .###.# #...P.....#
..##.# ########...).##### #.##.#
#......'.....#


You could see a cyan ugly thing and a friendly battlesphere (wandering).

Vanquished Creatures
  Grinder (D:4)
  Sigmund (D:3)
  An orc warrior (D:7)
  A sky beast (D:5)
  An eye of draining (D:6)
  2 ice beasts (D:5)
  A black bear (D:6)
  4 ogres
  A centaur (D:6)
  A big kobold (D:4)
  2 giant frogs (D:6)
  2 scorpions
  5 wights
  3 electric eels (D:6)
  A howler monkey (D:4)
  4 crimson imps
  A giant frog zombie (D:6)
  A hound (D:4)
  3 orc priests
  4 orc wizards
  2 iguanas
  2 worker ants (D:5)
  Robin (D:4)
  7 gnolls
  A howler monkey skeleton (D:6)
  5 adders
  3 shadow imps (D:5)
  An ooze (D:3)
  2 adder skeletons (D:4)
  3 worms
  2 dart slugs
  9 giant geckos
  19 orcs
  A giant cockroach (D:2)
  14 goblins
  11 hobgoblins
  2 jackals (D:3)
  9 kobolds
  4 quokkas
  3 ball pythons
  7 bats
  A giant gecko skeleton (D:5)
  11 giant newts
  7 rats
167 creatures vanquished.

Notes
Turn   | Place    | Note
--------------------------------------------------------------
     0 | D:1      | Heedrag the Deep Elf Conjurer began the quest for the Orb.
     0 | D:1      | Reached XP level 1. HP: 10/10 MP: 6/6
   127 | D:1      | Reached XP level 2. HP: 15/15 MP: 3/8
   688 | D:2      | Reached skill level 5 in Conjurations
   756 | D:2      | Reached XP level 3. HP: 19/19 MP: 5/10
  1064 | D:2      | Reached XP level 4. HP: 19/24 MP: 6/12
  1268 | D:2      | Learned a level 4 spell: Iskenderun's Mystic Blast
  1726 | D:2      | Found a blossoming altar of Fedhas.
  1944 | D:3      | Noticed an ogre
  1974 | D:3      | Killed an ogre
  1974 | D:3      | Reached skill level 5 in Spellcasting
  1974 | D:3      | Reached skill level 6 in Conjurations
  1974 | D:3      | Reached XP level 5. HP: 28/28 MP: 4/14
  1975 | D:3      | Noticed Sigmund
  2058 | D:2      | Learned a level 5 spell: Iskenderun's Battlesphere
  2131 | D:3      | Reached skill level 1 in Charms
  2270 | D:3      | Found a stormy altar of Qazlal.
  2620 | D:4      | Noticed Robin
  2830 | D:3      | Reached XP level 6. HP: 32/32 MP: 9/15
  3124 | D:4      | Reached skill level 7 in Conjurations
  3352 | D:4      | Noticed Grinder
  3949 | D:4      | Reached XP level 7. HP: 36/36 MP: 6/17
  4050 | D:4      | Killed Robin
  4442 | D:5      | Entered Level 5 of the Dungeon
  4503 | D:5      | Reached skill level 8 in Conjurations
  4600 | D:5      | Gained mutation: Your muscles are strong. (Str +2) [mutagenic meat]
  4854 | D:5      | Found an ancient bone altar of Kikubaaqudgha.
  4998 | D:5      | Reached skill level 5 in Charms
  4998 | D:5      | Reached XP level 8. HP: 41/41 MP: 2/20
  5164 | D:5      | Reached skill level 9 in Conjurations
  5691 | D:3      | Killed Sigmund
  5905 | D:4      | Killed Grinder
  5905 | D:4      | Reached skill level 1 in Fighting
  6097 | D:6      | Found Ampyonul's Armour Shop.
  6295 | D:6      | Found a staircase to the Ecumenical Temple.
  6315 | Temple   | Entered the Ecumenical Temple
  6404 | Temple   | Became a worshipper of Vehumet
  6501 | D:6      | Noticed MarcHammon's ghost (novice MiFi)
  6532 | D:7      | Reached skill level 10 in Conjurations
  6770 | D:6      | Found a bloodstained altar of Trog.
  6784 | D:6      | Reached XP level 9. HP: 48/48 MP: 13/22
  7101 | D:6      | Found a shattered altar of Ashenzari.
  7662 | D:6      | Noticed a cyan ugly thing
  7850 | D:7      | Noticed sdOOK's ghost (novice DDFi)
  7893 | D:5      | Mangled by a cyan ugly thing

Skill      XL: |  1  2  3  4  5  6  7  8  9 |
---------------+----------------------------+-----
Conjurations   | 5 6 7 8 10 | 10.5
Spellcasting   | 4 5 6 7 8 |  8.4
Charms         | 2 3 5 7 |  7.8
Fighting       | 2 3 |  3.2
Dodging        | 3 4 |  4.1
Stealth        | |  2.4

Action                   |  1- 3 |  4- 6 |  7- 9 || total
-------------------------+-------+-------+-------++-------
Melee: Whip              |     9 |     2 |       ||    11
       Mace              |       |       |    17 ||    17
 Cast: Magic Dart        |    56 |   185 |   213 ||   454
       Iskenderun's Batt |       |       |    25 ||    25
       Iskenderun's Myst |       |       |     4 ||     4
  Eat: Chunk             |       |     9 |    13 ||    22
       Meat ration       |       |       |     1 ||     1
       Fruit             |       |       |     2 ||     2
Armor: Robe              |    14 |     9 |    45 ||    68
Dodge: Dodged            |    42 |    15 |    84 ||   141
